 Dungeon Crawl Stone Soup version 0.30.1-4-g462c640d31 (webtiles) character file.

Game seed: 14054841847497956400

41 arthad the Chopper (level 3, -2/49 HPs)
             Began as a Minotaur Berserker on Aug 19, 2023.
             Was a Believer of Trog.
             Succumbed to a gnoll's poison
             ... on level 2 of the Dungeon.
             The game lasted 00:01:30 (1149 turns).

arthad the Chopper (Minotaur Berserker)             Turns: 1149, Time: 00:01:30

Health: -2/49      AC:  3    Str: 23    XL:     3   Next: 32%
Magic:  2/2        EV: 12    Int:  4    God:    Trog [**....]
Gold:   66         SH:  0    Dex:  9    Spells: 2/2 levels left

rFire   . . .        a - +0 hand axe
rCold   . . .        (no shield)
rNeg    . . .        b - +0 animal skin
rPois   .            (helmet restricted)
rElec   .            (no cloak)
rCorr   .            (no gloves)
SInv    .            j - +0 pair of boots
Will    .....        (no amulet) Stlth
                     (no ring)
HPRegen 0.28/turn    (no ring)
MPRegen 0.08/turn

%: no passive effects
@: berserking, lethally poisoned (-2 -> -22), very quick
A: horns 2, retaliatory headbutt
a: Renounce Religion, Berserk, Trog's Hand


You were on level 2 of the Dungeon.
You worshipped Trog.
Trog was pleased with you.
You visited 1 branch of the dungeon, and saw 2 of its levels.

You collected 66 gold pieces.

Inventory:

Hand Weapons
 a - a +0 hand axe (weapon)
 e - a +1 short sword of freezing
Missiles
 g - 4 poisoned darts (quivered)
 i - a throwing net
 k - 4 javelins
Armour
 b - a +0 animal skin (worn)
 j - a +0 pair of boots (worn)
Scrolls
 c - 2 scrolls of identify {unknown}
 d - a scroll of teleportation {unknown}
 l - a scroll of blinking {unknown}
Potions
 f - a potion of resistance {unknown}
 h - a potion of berserk rage
 m - a potion of might {unknown}


   Skills:
 * Level 4.2 Fighting
 * Level 4.3 Axes
 + Level 2.9 Armour
 + Level 2.5 Dodging


You had 2 spell levels left.
You didn't know any spells.
Your spell library was empty.

Dungeon Overview and Level Annotations

Branches:
Dungeon (2/15)

Altars:


Innate Abilities, Weirdness & Mutations

You have a pair of horns on your head.
You reflexively headbutt those who attack you in melee.


Message History

The goblin is severely wounded.
You feel sick.
The gnoll hits you from afar with a +2 spear of venom!
The goblin hits you but does no damage.
You hit the goblin.
You kill the goblin!
Trog accepts your kill.
You feel sick.
The gnoll hits you from afar with a +2 spear of venom!
* * * LOW HITPOINT WARNING * * *
You are too injured to fight recklessly!
You are too injured to fight recklessly!
You are too injured to fight recklessly!
You are too injured to fight recklessly!
You are too injured to fight recklessly!
It was a potion of berserk rage.
A red film seems to cover your vision as you go berserk!
You feel yourself moving faster!
You feel mighty!
You feel sick. The adder closely misses you.
The gnoll hits you from afar with a +2 spear of venom.
* * * LOW HITPOINT WARNING * * *
You are lethally poisoned!
You are too berserk!
You hit the adder.
The adder is heavily wounded.
You hit the gnoll.
* * * LOW HITPOINT WARNING * * *
You feel very sick. The adder misses you.
The gnoll hits you from afar with a +2 spear of venom.
* * * LOW HITPOINT WARNING * * *
You are more poisoned.
The gnoll closely misses you.
You miss the adder. You headbutt the adder.
You kill the adder!
Trog accepts your kill.
You slash the gnoll!
You kill the gnoll!
Trog accepts your kill.
You die...

### ### #.. ..# ###.##
#####.# ..SJ ...#.#
#######)######.#.##
.....>)@..........######
#####........#.#....##..
#.gg.......#.##..#..
#...................
#.....<#.###.####...
...###.#.#.# #.# ####
).. #.#.#.# #.# # ....
#.#...# #.# # .. #.#####
#.#


You could see 2 gnolls, an endoplasm and a ball python.

Vanquished Creatures
  A gnoll (D:2)
  2 adders (D:2)
  2 worms (D:2)
  4 endoplasms
  2 hobgoblins (D:1)
  2 jackals (D:1)
  2 quokkas (D:1)
  3 ball pythons
  A bat (D:1)
  A frilled lizard (D:1)
  A goblin (D:2)
  7 kobolds
  A rat (D:1)
29 creatures vanquished.

Notes
Turn   | Place    | Note
-------+----------+-------------------------------------------
     0 | D:1      | arthad the Minotaur Berserker began the quest for the Orb.
     0 | D:1      | Reached XP level 1. HP: 19/19 MP: 0/0
   444 | D:1      | Reached XP level 2. HP: 27/27 MP: 1/1
   649 | D:1      | Found a faded altar of an unknown god.
  1001 | D:2      | Reached XP level 3. HP: 18/33 MP: 2/2
  1001 | D:2      | Reached ** piety under Trog
  1148 | D:2      | HP: 1/49 [gnoll/+2 spear of venom (5)]
  1149 | D:2      | Succumbed to a gnoll's poison

Illustrated notes

Levels and vault maps discovered:
D:1:      dpeg_arrival_round_c, layout_basic, ebering_ecumenical_altar_box,
          minmay_pentomino_t2
D:2:      layout_basic, serial_shops, shop_coins, nicolae_wormholes

Skill      XL: |  1  2 |
---------------+-------+-----
Axes           | 4 |  4.3
Fighting       | 4 |  4.2
Armour         | |  2.9
Dodging        | |  2.5

Action                     || total
---------------------------++-------
  Melee: Hand axe          ||    79
         Headbutt          ||     7
    Use: Potion            ||     1
   Stab: Sleeping          ||     1
 Armour: Animal skin       ||    17
  Dodge: Dodged            ||    47
